 Dungeon Crawl Stone Soup version 0.28.0-45-g0d030f2227 (console) character file.

Game seed: 10079687726689890400

11 Faeu the Vexing (level 2, 0/15 HPs)
             Began as a Deep Elf Enchanter on Apr 19, 2022.
             Slain by a hobgoblin (5 damage)
             ... on level 1 of the Dungeon on Apr 20, 2022.
             The game lasted 00:05:07 (650 turns).

Faeu the Vexing (Deep Elf Enchanter)                 Turns: 650, Time: 00:05:07

Health: 0/15       AC:  2    Str:  5    XL:     2   Next: 13%
Magic:  8/8        EV: 12    Int: 19    God:
Gold:   16         SH:  0    Dex: 15    Spells: 6/7 levels left

rFire   . . .      SeeInvis .   a - +1 dagger {short}
rCold   . . .      Faith    .   (no shield)
rNeg    . . .      Spirit   .   b - +0 robe
rPois   .          Reflect  .   (no helmet)
rElec   .          Harm     .   (no cloak)
rCorr   .          Rampage  .   (no gloves)
Will    .....                   (no boots)
Stlth   +++.......              (no amulet)
HPRegen 0.05/turn               (no ring)
MPRegen 0.11/turn               (no ring)

@: no status effects
A: no striking features
a: no special abilities


You were on level 1 of the Dungeon.
You visited 1 branch of the dungeon, and saw 1 of its levels.

You collected 32 gold pieces.
You spent 16 gold pieces at shops.


   Skills:
 + Level 1.2 Short Blades
 + Level 2.6 Dodging
 + Level 3.8 Stealth
 + Level 3.2 Spellcasting
 + Level 4.2 Hexes


You had 6 spell levels left.
You knew the following spells:

 Your Spells              Type           Power      Damage    Failure   Level
a - Summon Small Mammal   Summ           12%        N/A       16%         1

Your spell library contained the following spells:

 Spells                   Type           Power      Damage    Failure   Level
 Confusing Touch          Hex            19%        N/A       8%          3
 Tukima's Dance           Hex            19%        N/A       8%          3
 Ensorcelled Hibernation  Hex/Ice        22%        N/A       10%         2
 Animate Skeleton         Necr           6%         N/A       16%         1
 Apportation              Tloc           6%         N/A       16%         1
 Dazzling Flash           Conj/Hex       22%        N/A       19%         3

Inventory:

Hand Weapons
 a - a +1 dagger (weapon) {short}
Missiles
 e - 16 stones (quivered) {throwing}
 f - 4 poisoned darts {throwing}
Armour
 b - a +0 robe (worn)
Jewellery
 d - a +6 ring of strength
   (You found it on level 1 of the Dungeon)
Potions
 c - a potion of invisibility

Dungeon Overview and Level Annotations

Branches:
Dungeon (1/15)

Altars:

Shops:
D:1

( #.#.# #.#.# #.#.#
#.#.# #.#.# #.#.#
######.#.# +.......>.#
####.#.#..######
.###########'#...(.....†
......b@.........#######
.......g[........#
.................#
...............#.##
######.........#†.#
#.........#†.##
#.........#...#
#######+###...# #...#
#.#..# #.#..# ##


You could see a hobgoblin and a bat.


Message History

You start resting.
A rat is nearby! 😕 HP[+2]
You regained 2 hp, and now have 13/15 hp.
You see here a hobgoblin corpse.
e - 16 stones {throwing} (gained 1)
You see here a hobgoblin corpse.
You start resting.
A rat is nearby!
A rat is nearby!
You see here a hobgoblin corpse.
You closely miss the rat. The rat bites you.
You hit the rat but do no damage. The rat closely misses you.
You hit the rat. The rat bites you but does no damage.
You completely miss the rat. The rat bites you. 😮 HP[-3]
You take 3 damage, and now have 10/15 hp.
You hit the rat.
You kill the rat!
You start resting.
HP restored. 😎 HP[+5]
You see here a hobgoblin corpse.
You see here a rat corpse.
The endoplasm quivers.
You hit the endoplasm but do no damage.
The endoplasm hits you but does no damage.
You hit the endoplasm. The endoplasm hits you. 😕 HP[-2]
You take 2 damage, and now have 13/15 hp.
You hit the endoplasm.
You kill the endoplasm!
A hobgoblin comes into view. 😕 HP[+1]
The hobgoblin shouts!
You hit the hobgoblin but do no damage. The hobgoblin hits you. 😕 HP[-2]
You take 2 damage, and now have 12/15 hp.
You closely miss the hobgoblin. The hobgoblin closely misses you.
A bat comes into view.
You hit the hobgoblin but do no damage.
The hobgoblin hits you but does no damage.
You hit the hobgoblin but do no damage.
You punch the hobgoblin, but do no damage.
The hobgoblin barely misses you.
You closely miss the hobgoblin. The bat misses you. The hobgoblin misses you.
You closely miss the hobgoblin. The bat hits you but does no damage.
The hobgoblin hits you. 😮 HP[-2]
You take 2 damage, and now have 10/15 hp.
You hit the hobgoblin but do no damage. The bat hits you.
The hobgoblin barely misses you. 😮 HP[-1]
You take 1 damage, and now have 9/15 hp.
You hit the hobgoblin but do no damage. The bat hits you.
The hobgoblin barely misses you. 😮 HP[-1]
You take 1 damage, and now have 8/15 hp.
You hit the hobgoblin but do no damage. The bat hits you.
* * * LOW HITPOINT WARNING * * *
The hobgoblin misses you. 😨 HP[-1]
You take 1 damage, and now have 7/15 hp.
You closely miss the hobgoblin. The bat hits you but does no damage.
The hobgoblin misses you.
You hit the hobgoblin but do no damage. The bat barely misses you.
The hobgoblin closely misses you.
You barely miss the hobgoblin. The bat hits you.
* * * LOW HITPOINT WARNING * * *
The hobgoblin closely misses you. 😨 HP[-1]
You take 1 damage, and now have 6/15 hp.
You closely miss the hobgoblin. The bat closely misses you. x2
You hit the hobgoblin. The bat hits you.
* * * LOW HITPOINT WARNING * * *
The hobgoblin barely misses you. 😨 HP[-1]
You take 1 damage, and now have 5/15 hp.
You hit the hobgoblin but do no damage. The bat closely misses you.
The hobgoblin closely misses you.
You barely miss the hobgoblin. The bat barely misses you.
The hobgoblin barely misses you.
You barely miss the hobgoblin. The bat misses you.
The hobgoblin barely misses you.
You barely miss the hobgoblin. The bat closely misses you.
The hobgoblin barely misses you. 😨 HP[+1]
You closely miss the hobgoblin. The bat closely misses you.
The hobgoblin closely misses you.
You barely miss the hobgoblin. The bat closely misses you.
The hobgoblin hits you.
* * * LOW HITPOINT WARNING * * *
The bat hits you but does no damage. 😨 HP[-1]
You take 1 damage, and now have 5/15 hp.
You hit the hobgoblin but do no damage. The bat closely misses you.
The hobgoblin closely misses you.
You hit the hobgoblin but do no damage. Your punch misses the hobgoblin.
The bat completely misses you. The hobgoblin hits you.
You die...

Action                   || total
-------------------------++-------
Melee: Dagger            ||    49
       Punch             ||     1
Throw: Stone             ||     2
 Stab: Sleeping          ||     2
Armor: Robe              ||    11
Dodge: Dodged            ||    57

Levels and vault maps discovered:
D:1:      matt_arrival_refuge, layout_basic, serial_shops,
          nicolae_shop_hallway_stairs

Notes
Turn   | Place    | Note
-------+----------+-------------------------------------------
     0 | D:1      | Faeu the Deep Elf Enchanter began the quest for the Orb.
     0 | D:1      | Reached XP level 1. HP: 10/10 MP: 6/6
     0 | D:1      | magus.rc [v1.9.6]
    67 | D:1      | magus.rc [v1.9.6]
   119 | D:1      | Found Leeqot's Weapon Emporium.
   142 | D:1      | Bought 4 poisoned darts for 16 gold pieces
   413 | D:1      | You pick up a book of Cantrips and begin reading...
   413 | D:1      | You add the spells Animate Skeleton, Summon Small Mammal
                  | and Apportation to your library.
   439 | D:1      | Learned a level 1 spell: Summon Small Mammal
   447 | D:1      | Reached XP level 2. HP: 11/15 MP: 8/8
   650 | D:1      | Slain by a hobgoblin

Vanquished Creatures
  A ball python (D:1)
  2 bats (D:1)
  2 endoplasms (D:1)
  A hobgoblin (D:1)
  A quokka (D:1)
  2 rats (D:1)
9 creatures vanquished.

Table legend:
 A = Non-vault XP
 B = Vault XP
 C = Vault XP percentage of total XP
 D = Non-vault monster count
 E = Vault monster count
 F = Vault count percentage of total count
                 A         B        C        D         E       F
            +---------+---------+-------+---------+---------+-------
      Total |      16 |       0 |   0.0 |       9 |       0 |   0.0
            +---------+---------+-------+---------+---------+-------
        D:1 |      16 |       0 |   0.0 |       9 |       0 |   0.0
            +---------+---------+-------+---------+---------+-------

Illustrated notes

Table legend:
 A = Kills in this place as a percentage of kills in entire the game.
 B = Kills by you in this place as a percentage of kills by you in the entire game.
 C = Kills by friends in this place as a percentage of kills by friends in the entire game.
 D = Other kills in this place as a percentage of other kills in the entire game.
 E = Experience gained in this place as a percentage of experience gained in the entire game.
 F = Experience gained in this place divided by the number of levels of this place that you have seen.
                   A       B       C       D       E      F
               +-------+-------+-------+-------+-------+----------------------
         Total | 100.0 | 100.0 |   N/A |   N/A | 100.0 |  16.0
       Dungeon | 100.0 | 100.0 |   N/A |   N/A | 100.0 |  16.0
               +-------+-------+-------+-------+-------+----------------------

Table legend: (Time is in decaauts)
 A = Elapsed time spent in this place.
 B = Non-inter-level travel time spent in this place.
 C = Inter-level travel time spent in this place.
 D = Time resting spent in this place.
 E = Time spent auto-exploring this place.
 F = Levels seen in this place.
 G = Mean time per level.
                   A        B        C        D        E       F      G
               +--------+--------+--------+--------+--------+-----+--------+
         Total |    646 |    646 |      0 |    136 |    321 |   1 |  646.0 |
       Dungeon |    646 |    646 |      0 |    136 |    321 |   1 |  646.0 |
               +--------+--------+--------+--------+--------+-----+--------+

Top non-repeatable levels by time:
     D:1: 646 daAuts
